 Dungeon Crawl Stone Soup version 0.29.0-7-g18a832c13a (webtiles) character file.

Game seed: 3407715021532835403

65 xian the Firebug (level 3, -1/27 HPs)
             Began as a Draconian Fire Elementalist on Sept 1, 2022.
             Slain by an adder (3 damage)
             ... on level 2 of the Dungeon.
             The game lasted 00:04:09 (1239 turns).

xian the Firebug (Draconian Fire Elementalist)      Turns: 1239, Time: 00:04:10

Health: -1/27      AC:  5    Str: 10    XL:     3   Next: 94%
Magic:  3/6        EV: 12    Int: 17    God:
Gold:   116        SH:  0    Dex: 11    Spells: 6/7 levels left

rFire   . . .      SeeInvis .   b - +1 short sword (speed)
rCold   . . .      Faith    .   (no shield)
rNeg    . . .      Spirit   .   (body armour unavailable)
rPois   .          Reflect  .   (helmet restricted)
rElec   .          Harm     .   (no cloak)
rCorr   .          Rampage  .   (no gloves)
Will    .....                   (no boots)
Stlth   ++........              (no amulet)
HPRegen 0.09/turn               (no ring)
MPRegen 0.10/turn               (no ring)

@: no status effects
A: AC +5, unfitting armour, cold-blooded
a: no special abilities


You were on level 2 of the Dungeon.
You visited 1 branch of the dungeon, and saw 2 of its levels.

You collected 116 gold pieces.

Inventory:

Hand Weapons
 b - a +1 short sword of speed (weapon)
Scrolls
 d - 2 scrolls of identify {unknown}
 f - a scroll of fear {unknown}
 h - 2 scrolls of teleportation {unknown}
Potions
 a - a potion of magic
 c - a potion of flight {unknown}
 e - a potion of attraction {unknown}
 g - a potion of curing {unknown}
 i - a potion of lignification {unknown}
 j - a potion of resistance {unknown}


   Skills:
 + Level 0.6 Fighting
 + Level 0.8 Short Blades
 + Level 2.2 Dodging
 + Level 2.1 Stealth
 + Level 2.5 Spellcasting
 + Level 1.3 Conjurations
 + Level 3.5 Fire Magic


You had 6 spell levels left.
You knew the following spells:

 Your Spells              Type           Power      Damage    Failure   Level
a - Foxfire               Conj/Fire      40%        2x1d6     7%          1

Your spell library contained the following spells:

 Spells                   Type           Power      Damage    Failure   Level
 Scorch                   Fire           28%        2d6       6%          2
 Conjure Flame            Conj/Fire      10%        6-21      21%         3
 Inner Flame              Hex/Fire       8%         N/A       26%         3
 Flame Wave               Conj/Fire      10%        2d6       54%         4


Dungeon Overview and Level Annotations

Branches:
Dungeon (2/15)

Altars:


Innate Abilities, Weirdness & Mutations

Your plain brown scales are hard. (AC +5)
You cannot fit into any form of body armour.
You are cold-blooded and may be slowed by cold attacks.


Message History

The adder closely misses you.
You barely miss the adder.
The adder is moderately wounded.
The adder closely misses you.
You miss the adder.
Your tail-slap misses the adder.
The adder is moderately wounded.
The adder closely misses you. The worm bites you but does no damage.
You hit the adder.
Your tail-slap misses the adder.
The adder is moderately wounded.
The adder bites you but does no damage.
You closely miss the adder.
The adder is moderately wounded.
The adder bites you but does no damage. The worm barely misses you.
You miss the adder.
The adder is moderately wounded.
The adder barely misses you.
Unknown command.
You barely miss the adder.
Your tail-slap misses the adder.
The adder is moderately wounded.
The adder closely misses you. The worm barely misses you.
You hit the adder.
Your tail-slap misses the adder.
The adder is heavily wounded.
You closely miss the adder.
The adder is heavily wounded.
The adder bites you but does no damage.
You closely miss the adder. You tail-slap the adder.
The adder is severely wounded.
The adder bites you. The worm barely misses you.
You miss the adder.
The adder is severely wounded.
The adder bites you but does no damage.
You hit the adder.
The adder is severely wounded.
The adder bites you but does no damage. The worm bites you!
* * * LOW HITPOINT WARNING * * *
Unknown command.
You barely miss the adder.
Your tail-slap misses the adder.
The adder is severely wounded.
The adder bites you.
You die...

###
#.#######.##.######
...........#
#########w.# #..#
#..# #..# #####..#
#.w....# #@####.#
#S# .# #.# .# #...#
.# ....... .#
###...###.. ####
#..## .# ...# .!..
##... ####


You could see a worm and an adder.

Vanquished Creatures
  2 adders (D:2)
  A dart slug (D:1)
  4 ball pythons
  5 bats
  2 endoplasms (D:1)
  2 giant cockroaches (D:1)
  4 goblins (D:1)
  6 hobgoblins
  4 jackals (D:1)
  5 kobolds
  A quokka (D:2)
  A frilled lizard (D:1)
  2 rats (D:1)
39 creatures vanquished.

Vanquished Creatures (others)
  74 foxfires
74 creatures vanquished.

Grand Total: 113 creatures vanquished

Notes
Turn   | Place    | Note
-------+----------+-------------------------------------------
     0 | D:1      | xian the Draconian Fire Elementalist began the quest for
                  | the Orb.
     0 | D:1      | Reached XP level 1. HP: 14/14 MP: 3/3
   201 | D:1      | Reached XP level 2. HP: 20/20 MP: 1/5
   705 | D:1      | Reached XP level 3. HP: 26/27 MP: 2/6
   717 | D:1      | Found a faded altar of an unknown god.
  1239 | D:2      | Slain by an adder

Illustrated notes

Levels and vault maps discovered:
D:1:      spicycebolla_green_bress_n_ham, layout_basic, basic_ecumenical_altar,
          grunt_decor_one_mirror, minmay_stone_trees_medium,
          hangedman_feature_mirror
D:2:      layout_loops_ring, dreamdust_princess_bridge

Skill      XL: |  1  2 |
---------------+-------+-----
Stealth        | 2 |  2.1
Dodging        | 2 |  2.2
Fighting       | |  0.6
Short Blades   | |  0.8
Spellcasting   | |  2.5
Conjurations   | |  1.3
Fire Magic     | |  3.5

Action                   || total
-------------------------++-------
Melee: Short sword       ||   105
       Tailslap          ||    18
       Punch             ||     1
 Cast: Foxfire           ||    45
 Stab: Sleeping          ||     1
Armor: Skin              ||    39
Dodge: Dodged            ||   100
